 Dungeon Crawl Stone Soup version 0.31-a0-188-g5e087ee2ca (webtiles) character file.

Game seed: 13214827552794752795

370 qw the Skirmisher (level 6, -6/35 HPs)
             Began as a Deep Elf Hunter on June 23, 2023.
             Killed by divine providence
             ... invoked by an orc priest
              (10 damage)
             ... on level 4 of the Dungeon.
             The game lasted 00:01:03 (3261 turns).

qw the Skirmisher (Deep Elf Hunter)                 Turns: 3261, Time: 00:01:03

Health: -6/35      AC:  8    Str: 10    XL:     6   Next: 42%
Magic:  8/8        EV: 11    Int: 14    God:
Gold:   204        SH:  0    Dex: 18    Spells: 5/5 levels left

rFire   . . .        Y - +0 shortbow
rCold   . . .        (shield currently unavailable)
rNeg    . . .        i - +0 ring mail
rPois   .            (no helmet)
rElec   .            (no cloak)
rCorr   .            g - +2 pair of gloves {hurl}
SInv    .            (no boots)
Will    .....        (no amulet)
Stlth   +            (no ring)
HPRegen 0.25/turn    (no ring)
MPRegen 0.11/turn

%: no passive effects
@: lethally poisoned (-6 -> -7), about to teleport
A: no striking features
a: no special abilities


You were on level 4 of the Dungeon.
You visited 1 branch of the dungeon, and saw 4 of its levels.

You collected 204 gold pieces.


   Skills:
 - Level 2.0 Fighting
 - Level 10.0 Ranged Weapons
 + Level 2.4 Dodging
 - Level 1.2 Stealth


You had 5 spell levels left.
You didn't know any spells.
Your spell library was empty.

Inventory:

Hand Weapons
 Y - a +0 shortbow (weapon)
Armour
 g - a +2 pair of gloves of hurling (worn)
 i - a +0 ring mail (worn)
Scrolls
 f - a scroll of teleportation
 k - a scroll of identify
Potions
 b - a potion of berserk rage {unknown}
 c - a potion of heal wounds {unknown}
 d - a potion of degeneration {unknown}
 e - 2 potions of haste {unknown}
 h - 2 potions of curing {unknown}

Dungeon Overview and Level Annotations

Branches:
Dungeon (4/15)             Temple (0/1) D:4

Altars:


Message History

The orc barely misses you.
The orc priest casts a cantrip, but nothing happens.
You shoot an arrow. The arrow hits the orc.
You kill the orc!
The ogre closely misses you.
You shoot an arrow. The arrow hits the ogre.
The ogre is moderately wounded.
The orc misses you.
You shoot an arrow. The arrow hits the ogre!
The ogre is heavily wounded.
The ogre hits you with a +0 giant club! The orc barely misses you.
You hear some strange, mumbled words.
Something tries to affect you, but you resist.
You shoot an arrow. The arrow hits the ogre.
The ogre is heavily wounded.
Something hits you but does no damage.
The orc hits you with a +1 whip of venom.
You are poisoned.
The ogre misses you.
You shoot an arrow. The arrow hits the ogre!
The ogre is severely wounded.
You feel sick. Something hits you but does no damage.
The orc closely misses you.
The orc priest invokes the aid of Beogh against you.
Beogh smites you! The ogre misses you.
3259 ||| READING 2 scrolls of teleportation.
As you read the scroll of teleportation, it crumbles to dust.
You feel strangely unstable.
You feel sick. Something hits you but does no damage.
The orc completely misses you.
You shoot an arrow.
The arrow hits the ogre but does no damage.
The ogre is severely wounded.
You feel sick. The orc barely misses you. The ogre completely misses you.
Something hits you.
You shoot an arrow. The arrow barely misses the ogre.
You feel sick. The orc barely misses you.
The orc priest invokes the aid of Beogh against you.
Beogh smites you!
You die...

###########
..........#
..........#
.......o..# ...
.....oo.O.# #....
#@..#
#....#########...#
...........#.....#
...........#.....#
...........#.....#
.............'.....#
.............#.....#
.............#.....#
.#####+###..####...#


You could see an ogre, an orc priest and 2 orcs.

Vanquished Creatures
  A water moccasin (D:4)
  A phantom (D:3)
  A scorpion (D:4)
  An iguana (D:4)
  3 adders
  A river rat (D:3)
  A worm (D:2)
  2 dart slugs
  An orc (D:4)
  4 ball pythons
  4 endoplasms
  2 giant cockroaches
  7 goblins
  7 hobgoblins
  4 jackals (D:1)
  6 quokkas
  6 bats
  A frilled lizard (D:1)
  5 kobolds
  12 rats
70 creatures vanquished.

Notes
Turn   | Place    | Note
-------+----------+-------------------------------------------
     0 | D:1      | qw the Deep Elf Hunter began the quest for the Orb.
     0 | D:1      | Reached XP level 1. HP: 12/12 MP: 3/3
     0 | D:1      | 0 ||| qw: Version: 0.3-a-9-g12657ce
     0 | D:1      | 0 ||| qw: Game counter: 3638
     0 | D:1      | 0 ||| qw: Always use a shield: true
     0 | D:1      | 0 ||| qw: God list: Okawaru
     0 | D:1      | 0 ||| qw: Allow faded altars: false
     0 | D:1      | 0 ||| qw: Do Orc after D:15 true
     0 | D:1      | 0 ||| qw: Do second Lair branch before Depths: true
     0 | D:1      | 0 ||| qw: Lair rune preference: random
     0 | D:1      | 0 ||| qw: Plans: Normal
     0 | D:1      | 0 ||| PLANNING D:1-11
   291 | D:1      | Reached skill level 6 in Ranged Weapons
   291 | D:1      | Reached XP level 2. HP: 13/16 MP: 4/4
   843 | D:1      | Reached XP level 3. HP: 20/20 MP: 5/5
   957 | D:1      | 957 ||| READING scroll labelled CEDWISCH BYFEFO.
   958 | D:1      | 958 ||| READING 2 scrolls labelled JUECYBEECAY.
   963 | D:1      | 963 ||| READING scroll labelled ALALUT GOPHU.
   964 | D:1      | 964 ||| DROPPING scroll of butterflies.
  1047 | D:2      | Reached skill level 7 in Ranged Weapons
  1469 | D:2      | Reached XP level 4. HP: 25/25 MP: 6/6
  1527 | D:2      | 1527 ||| UPGRADING to +0 ring mail.
  1537 | D:2      | 1537 ||| DROPPING +0 leather armour.
  1538 | D:2      | 1538 ||| READING scroll labelled XYSIFFAADGH.
  1539 | D:2      | 1539 ||| READING 2 scrolls labelled CUCIS KOGRURED.
  1540 | D:2      | 1540 ||| DROPPING scroll of fog.
  1568 | D:3      | 1568 ||| PLANNING SEWER
  1625 | D:3      | Noticed a phantom
  1638 | D:3      | Killed a phantom
  1639 | D:3      | Reached skill level 8 in Ranged Weapons
  1639 | D:3      | Reached XP level 5. HP: 11/29 MP: 7/7
  2284 | D:3      | 2284 ||| RIP SEWER
  2301 | D:3      | 2301 ||| PLANNING D:1-11
  2522 | D:3      | 2522 ||| Stepping ~*~*~tactically~*~*~ (water).
  2524 | D:3      | 2524 ||| Stepping ~*~*~tactically~*~*~ (water).
  2526 | D:3      | 2526 ||| Stepping ~*~*~tactically~*~*~ (water).
  2528 | D:3      | 2528 ||| Stepping ~*~*~tactically~*~*~ (water).
  2579 | D:3      | 2579 ||| Stepping ~*~*~tactically~*~*~ (water).
  2645 | D:3      | 2645 ||| UPGRADING to +2 pair of gloves of hurling.
  2650 | D:3      | 2650 ||| READING scroll labelled TEIJOEHYER.
  2651 | D:3      | 2651 ||| READING scroll labelled SUUMOA LAMY.
  2827 | D:4      | 2827 ||| PLANNING OSSUARY
  2866 | D:4      | Reached skill level 9 in Ranged Weapons
  2978 | D:4      | Found a staircase to the Ecumenical Temple.
  3146 | D:4      | Noticed a water moccasin
  3154 | D:4      | Killed a water moccasin
  3155 | D:4      | Reached skill level 10 in Ranged Weapons
  3155 | D:4      | Reached XP level 6. HP: 32/35 MP: 8/8
  3247 | D:4      | 3247 ||| Stepping ~*~*~tactically~*~*~ (outnumbered).
  3258 | D:4      | HP: 8/35 [orc priest/divine providence (11)]
  3259 | D:4      | 3259 ||| READING 2 scrolls of teleportation.
  3261 | D:4      | Killed from afar by an orc priest

Levels and vault maps discovered:
D:1:      erik_arrival_blinker_ship, layout_basic
D:2:      layout_rooms, minmay_rat_gold_closets
D:3:      layout_basic, gup_sewer_entry_spiral
D:4:      layout_gridville, minmay_temple_entry_arrows,
          lightli_ossuary_entry_decrepit_ruins

Skill      XL: |  1  2  3  4  5 |
---------------+----------------+-----
Ranged Weapons | 6 7 8 10 | 10.0
Fighting       | 2 |  2.0
Dodging        | |  2.4
Stealth        | |  1.2

Action                     |  1- 3 |  4- 6 || total
---------------------------+-------+-------++-------
   Fire: Shortbow          |   112 |   116 ||   228
    Use: Scroll            |     3 |     5 ||     8
 Armour: Leather armour    |     5 |       ||     5
         Ring mail         |       |    28 ||    28
  Dodge: Dodged            |    28 |    33 ||    61

Table legend:
 A = Non-vault XP
 B = Vault XP
 C = Vault XP percentage of total XP
 D = Non-vault monster count
 E = Vault monster count
 F = Vault count percentage of total count
                 A         B        C        D         E       F
            +---------+---------+-------+---------+---------+-------
      Total |     502 |      27 |   5.1 |      58 |      12 |  17.1
            +---------+---------+-------+---------+---------+-------
        D:1 |      41 |       0 |   0.0 |      25 |       0 |   0.0
        D:2 |      53 |       7 |  11.7 |      13 |       7 |  35.0
        D:3 |     130 |      20 |  13.3 |      10 |       5 |  33.3
        D:4 |     278 |       0 |   0.0 |      10 |       0 |   0.0
            +---------+---------+-------+---------+---------+-------
